 Dungeon Crawl Stone Soup version 0.25-a0-290-g4a1327ee3a (webtiles) character file.

Game seed: 7030005451815869627, levelgen mode: classic

762 Borgoz the Cutter (level 8, -3/49 HPs)
             Began as a Kobold Fighter on Dec 15, 2019.
             Slain by Eustachio
             ... wielding a +6 rapier
              (7 damage)
             ... on level 5 of the Dungeon.
             The game lasted 00:06:46 (4659 turns).

Borgoz the Cutter (Kobold Fighter)                  Turns: 4659, Time: 00:06:49

Health: -3/49      AC:  7    Str: 16    XL:     8   Next: 8%
Magic:  0/9        EV: 13    Int:  9    God:
Gold:   229        SH:  9    Dex: 14    Spells: 9/9 levels left

rFire    . . .     SeeInvis .   a - +0 rapier
rCold    + . .     Gourm    .   c - +0 shield
rNeg     . . .     Faith    .   q - +0 ring mail
rPois    .         Spirit   +   n - +0 helmet
rElec    .         Reflect  .   (no cloak)
rCorr    .         Harm     .   (no gloves)
MR       .....                  (no boots)
Stlth    ++........             u - amulet of guardian spirit
HPRegen  0.16/turn              (no ring)
MPRegen  0.11/turn              (no ring)

@: about to teleport, hasted, very quick
A: small, carnivore, cold resistance 1, sturdy frame 1
a: no special abilities


You were on level 5 of the Dungeon.
You were completely stuffed.

You visited 1 branch of the dungeon, and saw 6 of its levels.

You collected 229 gold pieces.

Inventory:

Hand Weapons
 a - a +0 rapier (weapon)
Armour
 c - a +0 shield (worn)
 n - a +0 helmet (worn)
 q - a +0 ring mail (worn)
Jewellery
 u - an amulet of guardian spirit (around neck)
Scrolls
 i - 4 scrolls of remove curse
 m - a scroll of fog
 o - 2 scrolls of teleportation
Comestibles
 f - 5 rations


   Skills:
 * Level 5.2 Fighting
 * Level 5.6 Short Blades
 * Level 4.0 Armour
 * Level 4.3 Dodging
 + Level 2.7 Stealth
 + Level 3.0 Shields
 - Level 1.0 Spellcasting


You had 9 spell levels left.
You didn't know any spells.
Your spell library was empty.

Dungeon Overview and Level Annotations

Branches:
Dungeon (6/15)
 Temple: D:4-7

Altars:
Xom

Annotations:
D:5 Eustachio


Innate Abilities, Weirdness & Mutations

You are small and have problems with some larger weapons.
You are carnivorous and can eat meat at any time.
Your flesh is cold resistant. (rC+)
Your movements are slightly less encumbered by armour. (ER -2)


Message History

The bat disappears in a puff of smoke!
You block the quokka's attack. The rat bites you but does no damage.
The bat closely misses you.
You closely miss Eustachio.
Eustachio is moderately wounded.
The bat barely misses you. You block the quokka's attack.
The shadow imp gestures at you. Pain shoots through your body!
* * * LOW HITPOINT WARNING * * *
You block the rat's attack. Eustachio hits you with a +6 rapier.
* * * LOW HITPOINT WARNING * * *
The rat bites you.
* * * LOW HITPOINT WARNING * * *
As you read the scroll of teleportation, it crumbles to dust.
You feel strangely unstable. You block the bat's attack.
You block the quokka's attack. The shadow imp hits you.
* * * LOW HITPOINT WARNING * * *
The rat misses you. The rat bites you.
* * * LOW HITPOINT WARNING * * *
Eustachio hits you with a +6 rapier!
You die...

*,** #.(#########.......#
**,*** #.............#....#
**,,#** ##..........[..#...##
**,..####.†......####......#
**,.......)......# ##.....##
**,..............###........
**,,.####....................
**,,*** #..r@r...............
**,,** #..r@5...............
**,,** #...b.§..............
*,*** #....................
*,* *#.......##.......####
*** #.#####....##.....# #.*
####.....#..# #.* ###...####
*,* #..### *** ###*


You could see Eustachio, a shadow imp, a quokka, a bat and 2 rats.

Vanquished Creatures
  A sky beast (D:5)
  An ice beast (D:4)
  A phantom (D:5)
  2 scorpions (D:5)
  A howler monkey (D:5)
  A crimson imp (D:5)
  A hound (D:5)
  A quasit (D:5)
  A centaur skeleton (D:4)
  A worker ant (D:5)
  Robin (D:2)
  A howler monkey zombie (D:5)
  7 adders
  2 shadow imps (D:5)
  2 oozes
  An adder skeleton (D:5)
  2 worms (D:4)
  2 dart slugs
  5 leopard geckos
  6 orcs
  8 giant cockroaches
  11 goblins
  9 hobgoblins
  3 jackals (D:4)
  A ball python (D:3)
  2 bats (D:2)
  4 frilled lizards
  6 kobolds
  7 rats
91 creatures vanquished.

Notes
Turn   | Place    | Note
-------+----------+-------------------------------------------
     0 | D:1      | Borgoz the Kobold Fighter began the quest for the Orb.
     0 | D:1      | Reached XP level 1. HP: 14/14 MP: 1/1
   324 | D:1      | Reached XP level 2. HP: 19/19 MP: 2/2
   589 | D:2      | Reached skill level 1 in Dodging
   600 | D:2      | Reached XP level 3. HP: 17/23 MP: 3/3
   870 | D:2      | Noticed Robin
   877 | D:2      | Killed Robin
   880 | D:2      | Reached XP level 4. HP: 15/29 MP: 4/4
  2023 | D:3      | Reached XP level 5. HP: 30/33 MP: 5/5
  2847 | D:4      | Noticed an ice beast
  2865 | D:4      | Gained mutation: Your movements are slightly less
                  | encumbered by armour. (ER -2) [potion of mutation]
  2865 | D:4      | Gained mutation: Your flesh is cold resistant. (rC+)
                  | [potion of mutation]
  2879 | D:4      | Killed an ice beast
  2879 | D:4      | Reached skill level 1 in Stealth
  2879 | D:4      | Reached XP level 6. HP: 26/39 MP: 5/7
  3413 | D:5      | Entered Level 5 of the Dungeon
  3413 | D:5      | Noticed a sky beast
  3450 | D:5      | Killed a sky beast
  3450 | D:5      | Reached skill level 1 in Spellcasting
  3450 | D:5      | Reached XP level 7. HP: 26/44 MP: 4/8
  3772 | D:5      | Reached skill level 5 in Short Blades
  4111 | D:5      | Found a shimmering altar of Xom.
  4253 | D:5      | Reached skill level 5 in Fighting
  4520 | D:5      | Reached XP level 8. HP: 47/49 MP: 9/9
  4613 | D:5      | Noticed Eustachio
  4659 | D:5      | Slain by Eustachio

Levels and vault maps discovered:
D:1:      giann_forest_graveyard, layout_loops_ring
D:2:      layout_basic, uniq_robin
D:3:      minmay_general_purpose_star, layout_basic
D:4:      layout_basic, first_ration
D:5:      layout_layer_cave, kennysheep_mini_moat, uniq_eustachio
D:6:      layout_basic, minivault_27, cheibrodos_worm_habitat

Skill      XL: |  1  2  3  4  5  6  7  8 |
---------------+-------------------------+-----
Short Blades   | 3 4 5 |  5.6
Dodging        | 1 2 3 4 |  4.3
Fighting       | 4 5 |  5.2
Armour         | 3 4 |  4.0
Stealth        | 1 2 |  2.7
Spellcasting   | 1 |  1.0
Shields        | 3 |  3.0

Action                   |  1- 3 |  4- 6 |  7- 9 || total
-------------------------+-------+-------+-------++-------
Melee: Rapier            |    74 |   230 |   203 ||   507
  Use: Potion            |     1 |     5 |     3 ||     9
       Scroll            |       |     1 |    10 ||    11
 Stab: Sleeping          |       |     2 |       ||     2
       Distracted        |       |       |     1 ||     1
  Eat: Chunk             |     5 |    11 |     5 ||    21
Armor: Scale mail        |    26 |    24 |       ||    50
       Ring mail         |       |    47 |    61 ||   108
Dodge: Dodged            |    15 |    90 |   133 ||   238
Block: Shield            |    19 |    91 |   147 ||   257

Table legend:
 A = Non-vault XP
 B = Vault XP
 C = Vault XP percentage of total XP
 D = Non-vault monster count
 E = Vault monster count
 F = Vault count percentage of total count
                 A         B        C        D         E       F
            +---------+---------+-------+---------+---------+-------
      Total |    1027 |      62 |   5.7 |      72 |      19 |  20.9
            +---------+---------+-------+---------+---------+-------
        D:1 |      10 |       0 |   0.0 |       5 |       0 |   0.0
        D:2 |      58 |      35 |  37.6 |      18 |      11 |  37.9
        D:3 |      51 |      27 |  34.6 |      15 |       8 |  34.8
        D:4 |     212 |       0 |   0.0 |      12 |       0 |   0.0
        D:5 |     696 |       0 |   0.0 |      22 |       0 |   0.0
            +---------+---------+-------+---------+---------+-------
